Map: 카탈리스트 - 래더

Players

Patience

  • Race: Protoss Protoss
  • Spawn Location: 11:00

lIIllllIIlll (INnoVation) - Winner!

  • Race: Terran Terran
  • League: Master
  • Spawn Location: 5:00

Event: HomeStory Cup XVII

VOD

Have the link to the VOD?

Description

Time

  • Played on: June 30, 2018, 5 p.m.
  • Length: 10:07

All games in this series

Show
View Real Time Build Order
Export as new Build Order

Patience Protoss 

Build Orders: 1 Gate Expand, Blink Stalkers, Colossus Rush 

Get SALT Encoding   

  12  0:01  Probe  
  13  0:13  Probe  
  14  0:17  Pylon  
  14  0:23  Probe  
  15  0:31  Probe  
  15  0:37  Gateway  
  15  0:40  Probe  
  16  0:46  Assimilator  
  17  0:51  Probe  
  18  1:03  Probe  
  19  1:15  Probe  
  20  1:24  Nexus  
  20  1:33  Cybernetics Core  
  20  1:37  Probe  
  21  1:44  Assimilator  
  21  1:49  Probe  
  21  1:53  Pylon  
  23  2:01  Probe  
  23  2:02  Stalker  
  23  2:13  Probe, Warp Gate  
  26  2:25  Probe  
  27  2:32  Stalker  
  27  2:33  Probe x2  
  29  2:41  Probe x2  
  31  2:47  Twilight Council  
  33  2:52  Probe x2  
  35  3:01  Probe  
  35  3:03  Stalker  
  35  3:04  Probe  
  39  3:09  Probe  
  39  3:15  Blink  
  39  3:16  Probe  
  39  3:18  Pylon  
  39  3:19  Probe  
  42  3:28  Probe  
  42  3:31  Probe  
  44  3:36  Robotics Facility  
  44  3:40  Probe  
  45  3:43  Probe  
  45  3:48  Gateway  
  46  3:51  Gateway  
  46  3:52  Probe  
  46  3:54  Assimilator  
  47  3:55  Probe  
  47  3:57  Assimilator  
  48  4:04  Probe  
  48  4:08  Probe  
  50  4:13  Pylon  
  50  4:17  Pylon  
  51  4:19  Observer  
  51  4:20  Probe  
  51  4:21  Stalker  
  54  4:29  Robotics Bay  
  54  4:30  Forge, Pylon  
  54  4:37  Pylon  
  54  4:39  Probe  
  54  4:40  Probe  
  54  4:41  Observer  
  57  4:46  Stalker  
  57  4:47  Stalker  
  61  4:56  Observer  
  60  5:00  Stalker  
  60  5:01  Shield Battery  
  60  5:03  Probe x2  
  62  5:08  Protoss Ground Weapons Level 1  
  61  5:15  Probe x2  
  61  5:17  Disruptor  
  61  5:20  Zealot  
  61  5:21  Zealot  
  69  5:23  Zealot  
  62  5:37  Colossus  
  62  5:41  Stalker  
  62  5:42  Stalker  
  64  5:45  Stalker  
  66  5:52  Probe, Observer  
  73  6:08  Nexus  
  73  6:20  Extended Thermal Lance, Pylon  
  73  6:23  Gateway x2  
  73  6:25  Charge  
  73  6:26  Gateway, Probe  
  73  6:27  Probe  
  73  6:32  Observer  
  75  6:38  Sentry  
  78  6:43  Probe x2, Sentry  
  78  6:45  Stalker  
  78  6:46  Colossus  
  84  6:52  Pylon x2  
  84  6:54  Pylon  
  90  7:07  Zealot x2  
  94  7:10  Protoss Ground Armor Level 1  
  94  7:16  Probe x2  
  94  7:17  Observer  
  94  7:22  Adept  
  98  7:24  Probe  
  98  7:28  Probe  
  98  7:29  Colossus  
  100  7:30  Zealot x2  
  100  7:31  Zealot x2  
  108  7:38  Probe x2  
  116  7:45  Probe  
  116  7:50  Probe  
  118  7:57  Probe  
  118  7:58  Probe  
  120  8:02  Probe  
  120  8:03  Templar Archives  
  120  8:04  Zealot  
  120  8:05  Zealot x3  
  129  8:09  Zealot x2  
  133  8:20  Shield Battery  
  133  8:22  Shield Battery x2  
  133  8:27  Observer  
  133  8:39  Stalker  
  133  8:45  Pylon  
  133  8:47  Pylon x2  
  133  8:49  Pylon x2  
  133  8:51  Immortal  
  133  9:00  Gateway  
  133  9:02  Gateway  
  132  9:06  High Templar x2  
  132  9:08  High Templar x2, Zealot  
  132  9:09  Zealot  
  142  9:11  Archon  
  142  9:12  Archon  
  142  9:17  Forge  
  132  9:40  Zealot x3  
  98  10:02  Zealot x3  
Show
View Real Time Build Order
Export as new Build Order

lIIllllIIlll Terran - Winner!

Build Orders: Gas First Reaper Expand, Reaper Expand, MMM Bio, Banshee Rush 

Get SALT Encoding   

  12  0:00  SCV  
  13  0:13  SCV  
  14  0:17  Supply Depot  
  14  0:25  SCV  
  15  0:28  Refinery  
  15  0:39  SCV  
  16  0:45  Barracks  
  16  0:51  SCV  
  17  1:03  SCV  
  18  1:15  SCV  
  19  1:31  Orbital Command  
  19  1:32  Reaper  
  20  1:46  Command Center  
  20  1:56  Factory  
  20  2:00  SCV  
  21  2:05  Barracks Reactor  
  21  2:08  Refinery  
  21  2:12  SCV  
  22  2:17  Supply Depot  
  22  2:24  SCV  
  23  2:39  SCV  
  23  2:40  Widow Mine  
  23  2:42  Marine  
  23  2:43  Marine  
  28  2:44  Starport  
  28  2:51  SCV  
  28  2:58  Orbital Command  
  29  3:01  Factory Tech Lab  
  29  3:04  SCV  
  30  3:07  Marine  
  30  3:08  Marine  
  32  3:16  SCV  
  33  3:23  SCV  
  33  3:26  Cloaking Field, Banshee  
  37  3:29  Marine  
  37  3:30  Marine  
  39  3:35  Supply Depot  
  39  3:36  Factory Tech Lab  
  39  3:40  SCV x2  
  41  3:47  Marine  
  41  3:48  Marine  
  41  3:51  Supply Depot  
  41  3:54  Siege Tank  
  45  3:57  SCV x2  
  45  4:02  Refinery  
  47  4:05  Marine  
  47  4:06  Marine  
  49  4:10  SCV x2  
  49  4:12  Banshee  
  54  4:17  Supply Depot  
  55  4:24  Marine, SCV x2  
  55  4:25  Marine  
  58  4:32  Siege Tank  
  58  4:37  SCV  
  62  4:38  SCV  
  62  4:40  Supply Depot  
  62  4:44  Marine  
  62  4:45  Marine  
  65  4:55  SCV x2  
  70  5:09  SCV x2  
  70  5:10  Marine x2  
  70  5:12  Siege Tank  
  70  5:13  Raven  
  73  5:24  Command Center  
  72  5:29  SCV x2  
  72  5:34  Marine x2  
  69  5:41  SCV x2  
  64  5:43  Refinery  
  64  5:48  Barracks  
  64  5:49  Siege Tank, Barracks  
  65  5:53  SCV x2  
  65  5:54  Marine x2  
  69  6:00  Engineering Bay  
  69  6:04  Engineering Bay, Starport Reactor  
  69  6:05  SCV x2  
  71  6:12  Marine x2  
  71  6:17  SCV x2  
  75  6:26  Barracks  
  75  6:27  Barracks  
  75  6:32  Marine x2  
  77  6:36  Terran Infantry Armor Level 1, Terran Infantry Weapons Level 1  
  77  6:37  Orbital Command  
  77  6:40  Factory Reactor  
  77  6:44  Combat Shields, Stimpack  
  77  6:45  Marauder x2  
  77  6:46  SCV x2  
  83  6:52  Medivac  
  83  6:53  Supply Depot  
  85  6:54  Medivac, Supply Depot  
  85  6:56  Marine  
  85  6:57  Marine  
  85  7:00  SCV x2  
  91  7:08  Orbital Command  
  91  7:10  Marauder  
  91  7:15  Barracks Tech Lab, Marauder  
  95  7:16  Barracks Reactor, SCV x2  
  95  7:21  Supply Depot  
  95  7:22  Medivac, Supply Depot  
  97  7:24  Medivac  
  97  7:29  Marine x2  
  103  7:32  Marauder  
  103  7:33  SCV x2  
  109  7:37  Marauder  
  109  7:38  Supply Depot  
  109  7:39  Supply Depot  
  109  7:43  SCV  
  110  7:46  Supply Depot, Armory  
  110  7:48  SCV x2  
  110  7:50  Refinery  
  112  7:52  Refinery  
  112  7:55  Marauder x2, SCV  
  112  7:58  Marauder  
  116  7:59  Marine x3  
  116  8:00  Marine  
  116  8:03  Medivac, Concussive Shells  
  116  8:05  Medivac  
  124  8:08  SCV x3  
  127  8:13  Supply Depot  
  127  8:18  Marauder x2  
  127  8:19  Marauder  
  133  8:23  Marine x4  
  133  8:25  SCV x2  
  135  8:34  Liberator  
  133  8:39  Marauder x2  
  133  8:40  Liberator  
  133  8:41  Marine x4, Marauder  
  149  9:05  Marauder x2  
  149  9:06  Marauder  
  149  9:07  Marine x4  
  149  9:17  Supply Depot  
  149  9:18  Supply Depot  
  149  9:27  Marauder x3  
  154  9:33  Marine x3  
  154  9:34  Marine  
  147  9:41  Ghost Academy  
  145  9:55  Command Center  
Tags
 
Add a new tag
Caveats
  • Supply blocks, unpowered buildings, or Contaminate may cause inaccurate times.
  • Supply counts are checked every 10 seconds.